 Dungeon Crawl Stone Soup version 0.17-a0-2127-g1cb09f6 (webtiles) character file.

15 wvc the Magician (level 2, 3/17 HPs)
             Began as a Tengu Wanderer on Oct 23, 2015.
             Quit the game on level 2 of the Dungeon.
             The game lasted 00:01:27 (952 turns).

wvc the Magician (Tengu Wanderer)                    Turns: 952, Time: 00:01:27

Health: 3/17       AC:  3    Str: 12    XL:     2   Next: 50%
Magic:  7/7        EV: 11    Int: 12    God:
Gold:   87         SH:  0    Dex: 13    Spells: 0 memorised, 7 levels left

rFire  . . .     SeeInvis .     c - +0 shortbow
rCold  . . .     Clarity  .     j - +0 leather armour
rNeg   . . .     SustAt   .     (no shield)
rPois  .         Gourm    .     (helmet restricted)
rElec  .         Spirit   .     (no cloak)
rCorr  .         Warding  .     (no gloves)
rMut   .         Stasis   .     (boots unavailable)
MR     .....                    (no amulet)
Stlth  +.........               (no ring)
                                (no ring)

@: not resistant to hostile enchantments, very unstealthy
A: beak, talons 3
a: no special abilities


You were on level 2 of the Dungeon.
You were not hungry.

You visited 1 branch of the dungeon, and saw 2 of its levels.

You collected 87 gold pieces.

Inventory:

Hand Weapons
 c - a +0 shortbow (weapon)
 k - a +0 club
 n - a +0 mace
Missiles
 d - 30 arrows (quivered)
Armour
 j - a +0 leather armour (worn)
Scrolls
 e - 5 scrolls of identify {unknown}
 g - a scroll of magic mapping {unknown}
 h - a scroll of amnesia {unknown}
Potions
 i - a potion of degeneration {unknown}
 l - a potion of might {unknown}
 m - 2 potions of lignification {unknown}
Books
 a - a book of Maledictions

   Spells                             Type                      Level
   a - Corona                         Hexes                        1
   b - Ensorcelled Hibernation        Hexes/Ice                    2
   c - Confuse                        Hexes                        3
   d - Tukima's Dance                 Hexes                        3
   e - Dazzling Spray                 Conjuration/Hexes            3
 b - the Grimoire of Necromancy

   Spells                             Type                      Level
   a - Animate Skeleton               Necromancy                   1
   b - Vampiric Draining              Necromancy                   3
Comestibles
 f - a bread ration


   Skills:
 - Level 2.0 Fighting
 * Level 1.8 Maces & Flails
 - Level 1.1 Bows
 - Level 1.0 Throwing
 + Level 0.9 Armour
 + Level 0.2 Dodging
 - Level 3.0 Spellcasting
   Level 1.0 Hexes
   Level 1.0 Transmutations
   Level 1.0 Evocations


You had 7 spell levels left.
You didn't know any spells.

Dungeon Overview and Level Annotations

Branches:
Dungeon (2/15)

Altars:
Xom


Innate Abilities, Weirdness & Mutations

You have a beak for a mouth.
You have claws for feet.


Message History

Firing (i - inventory):
d - 31 arrows (quivered)
Press: ? - help, Shift-Dir - straight line, f/p - jackal
Aim: a jackal (moderately wounded)
You shoot an arrow. The arrow closely misses the jackal.
The jackal barely misses you. The jackal bites you. The jackal bites you.
The jackal bites you.
* * * LOW HITPOINT WARNING * * *
The jackal bites you but does no damage.
The jackal misses you.
You are too injured to fight recklessly!
You are too injured to fight recklessly!
You are too injured to fight recklessly!
You are too injured to fight recklessly!
You are too injured to fight recklessly!
The jackal closely misses you. The jackal misses you.
Found 10 gold pieces.
The jackal bites you.
* * * LOW HITPOINT WARNING * * *
The jackal bites you but does no damage.
Are you sure you want to abandon this character and quit the game? (Confirm with "yes".)

#...# #.....##..#.#
.....# #. #...#
##............ .....#
. #...#
#............#.#.#...#
. #...#
#.....####...#.#.#..#.
##### #..#### #.... .
.. #..# #.### #(.#
#..#############.
#.....hhh@...$...
#.......h.######.
#.#####.....# .(.
...#.#.# .....
....#.#...
............... ...
............#.#####.
(.(. ......#.#


You could see 4 jackals.

Vanquished Creatures
  A ball python (D:1)
  2 giant cockroaches
  3 goblins (D:1)
  3 jackals
  2 bats (D:2)
  A giant newt (D:1)
  A kobold (D:1)
13 creatures vanquished.

Notes
Turn   | Place    | Note
--------------------------------------------------------------
     0 | D:1      | wvc the Tengu Wanderer began the quest for the Orb.
     0 | D:1      | wvc set off with: a book of Maledictions, the Grimoire of Necromancy, a +0 shortbow, 27 arrows, a +0 robe, a bread ration
     0 | D:1      | Reached XP level 1. HP: 12/12 MP: 5/5
   121 | D:1      | Identified the Grimoire of Necromancy
   472 | D:1      | Reached skill level 1 in Maces & Flails
   472 | D:1      | Reached XP level 2. HP: 8/17 MP: 7/7
   859 | D:2      | Found a shimmering altar of Xom.
   952 | D:2      | Quit the game

Vault maps used:
D:1:      roderic_octagonal_star, corexii_leaking_fountain, kennysheep_boxes
D:2:      kennysheep_goblin_castle, grunt_dithmenos_smoke_and_mirrors,
          nicolae_overflow_crystal_walls, grunt_ministairs_1

Action                   || total
-------------------------++-------
 Fire: Shortbow          ||    50
